Cogmind - Beta 13 @@@ ROGUE MODE // 2024.04.20 @ 21:01:07 Player: ywiktor Result: Destroyed by Y-45 Defender with Heavy Assault Rifle Performance ------------- Evolutions (1) 500 Regions Visited (3) 600 Robots Destroyed (26) 130 Value Destroyed (668) 668 Prototype IDs (4) 80 Alien Tech Used (0) 0 Bonus (0) 0 TOTAL SCORE: 1978 Bonus ------- None Cogmind --------- Core Integrity 0/400 Matter 280/300 Energy 227/250 System Corruption 0% Temperature Cool (9) Movement Core (350) Ox6 Location -9/Storage Parts ------- > --- POWER (1) -------- Ion Engine > --- PROPULSION (3) --- (None) > --- UTILITY (3) ------ Cooling System Small Storage Unit Light Armor Plating > --- WEAPON (2) ------- Improved Medium Laser Mining Claw > --- INVENTORY (8) ---- Flight Unit Light Armor Plating Heavy Assault Rifle Improved Assault Rifle Mini Grenade Launcher Peak State ------------ > --- POWER ------------ Ion Engine > --- PROPULSION ------- Flight Unit Flight Unit VTOL Module > --- UTILITY ---------- Cooling System Small Storage Unit > --- WEAPON ----------- Improved EM Shotgun Improved Assault Rifle > --- INVENTORY -------- Ion Engine Flight Unit Flight Unit Improved Medium Laser Heavy Assault Rifle Mini Grenade Launcher Mining Claw [Rating: 15] Favorites ----------- Power Ion Engine Engine Ion Engine Propulsion Aluminum Leg Leg Aluminum Leg Flight Unit Flight Unit Utility Small Storage Unit Device Tractor Beam Storage Small Storage Unit Protection Light Armor Plating Weapon Assault Rifle Energy Gun Beam Rifle Energy Cannon Beam Cannon Ballistic Gun Assault Rifle Launcher Mini Grenade Launcher Slashing Weapon Mining Claw Build | -11 -10 -9 -9 ------- Run | Yrd Mat Mat Sto Slots Evolved 2 | . . 2 . Power . | . . . . Propulsion 1 | . . 1 . Utility 1 | . . 1 . Weapon . | . . . . Parts Attached 44 | 7 7 3 27 Power 5 | 1 . 1 3 Engine 5 | 1 . 1 3 Core . | . . . . Reactor . | . . . . Propulsion 8 | 2 . . 6 Treads . | . . . . Leg 3 | 2 . . 1 Wheel . | . . . . Hover . | . . . . Flight 5 | . . . 5 Utility 11 | 1 5 1 4 Device 4 | . 3 . 1 Storage 3 | 1 2 . . Processor . | . . . . Hackware . | . . . . Protection 4 | . . 1 3 Artifact . | . . . . Weapon 20 | 3 2 1 14 Energy Gun 7 | 1 1 . 5 Energy Cannon 2 | . . . 2 Ballistic Gun 7 | 2 1 1 3 Ballistic Cannon . | . . . . Launcher 2 | . . . 2 Special Weapon . | . . . . Impact Weapon . | . . . . Slashing Weapon 2 | . . . 2 Piercing Weapon . | . . . . Special Melee Weapon . | . . . . Unidentified Prototypes 4 | . . 1 3 Parts Lost 16 | . . . 16 Power 2 | . . . 2 Propulsion 6 | . . . 6 Utility 3 | . . . 3 Weapon 5 | . . . 5 Highest Loss Streak 4 | . . . 4 To Critical Strikes 1 | . . . 1 Average Slot Usage (%) 77 | . 97 79 64 Engine 11 | . 14 11 10 Leg 15 | . 28 22 6 Flight 3 | . . . 6 Device 8 | . 11 11 4 Storage 11 | . 14 11 11 Protection 2 | . . 2 4 Energy Gun 7 | . 9 11 4 Energy Cannon 2 | . . . 3 Ballistic Gun 11 | . 18 11 6 Launcher 1 | . . . 3 Naked Turns . | . . . . Heaviest Build 23 | 13 20 22 23 Greatest Support 20 | 20 20 20 20 Greatest Overweight (x) 5 | 1 . 1 5 Average Overweight (x) . | . . . 1 Largest Inventory Capacity 20 | 8 20 8 8 Average Capacity 7 | 7 8 8 8 Most Carried 8 | 4 8 8 8 Average Carried 6 | 2 7 7 6 Final Capacity 8 | 8 8 8 8 Final Carried 8 | 4 8 8 5 Class Distribution -------------------- 96% | Mutant 3% | Scavenger-Mutant Dominant Class ---------------- Mutant | -10/Materials Mutant | -9/Materials Mutant | -9/Storage Resources | -11 -10 -9 -9 ----------- Run | Yrd Mat Mat Sto Matter Collected 642 | 234 51 131 226 Remotely 190 | . 51 131 8 Salvage Created 858 | . 51 182 625 Parts 70 | . 8 22 40 Haulers Intercepted . | . . . . Recyclers Shooed . | . . . . Parts Field Recycled . | . . . . Retrieved Matter . | . . . . Parts Self-Destructed . | . . . . Prevented . | . . . . Kills | -11 -10 -9 -9 ------- Run | Yrd Mat Mat Sto Combat Hostiles Destroyed 26 | . 3 8 15 Guns 15 | . 3 8 4 Cannons 6 | . . . 6 AOE 4 | . . . 4 Classes Destroyed 3 | . 1 1 1 Swarmer 14 | . 3 7 4 Grunt 2 | . . . 2 Sentry 10 | . . 1 9 Best Kill Streak 4 | . 2 4 3 Combat Bots Only 4 | . 2 4 3 Max Kills in Single Turn 3 | . 1 1 3 Gunslinging . | . . . . Exploded 3 | . . . 3 Melee . | . . . . Uniques/NPCs Destroyed . | . . . . Combat | -11 -10 -9 -9 -------- Run | Yrd Mat Mat Sto Hostile Shots Fired 193 | . 19 34 140 Missed 44 | . 3 10 31 Damage Taken 1948 | . 124 191 1633 Core 407 | . 7 29 371 Absorbed by Shields . | . . . . Core Remaining (%) 98 | 100 97 . . Volleys Fired 73 | . 7 10 56 Largest 2 | . 2 2 2 Hottest 101 | . 76 76 101 Shots Fired 123 | . 14 20 89 Gun 99 | . 14 20 65 Cannon 22 | . . . 22 Launcher 2 | . . . 2 Special . | . . . . Kinetic 46 | . 7 10 29 Thermal 61 | . 7 10 44 Explosive 2 | . . . 2 Electromagnetic 14 | . . . 14 Robot Hit Streak 41 | . 2 4 41 Robot Miss Streak 4 | . 4 2 4 Penetration Max . | . . . . Secondary Targets . | . . . . Shots Hit Robots 89 | . 5 9 75 Core Hits 37 | . 3 9 25 Critical Kills . | . . . . Critical Parts Destroyed . | . . . . Critical Strikes 5 | . 1 2 2 Burn 5 | . 1 2 2 Melee Attacks 2 | . . . 2 Impact . | . . . . Slashing 2 | . . . 2 Piercing . | . . . . Sneak Attacks . | . . . . Combat Hostiles . | . . . . Follow-up Attacks . | . . . . Damage Inflicted 1485 | . 69 128 1288 Guns 938 | . 69 128 741 Cannons 330 | . . . 330 Explosions 215 | . . . 215 Melee . | . . . . Ramming 2 | . . . 2 Kinetic 282 | . 41 12 229 Thermal 766 | . 28 116 622 Explosive 215 | . . . 215 Electromagnetic 220 | . . . 220 Impact . | . . . . Slashing . | . . . . Piercing . | . . . . Highest Corruption . | . . . . Average Corruption . | . . . . Corruption Purged . | . . . . Corruption Blocked . | . . . . Overload Shots . | . . . . Overflow Damage 8 | . . . 8 Projectiles . | . . . . Explosions 8 | . . . 8 Melee . | . . . . Knockbacks . | . . . . Impact . | . . . . Kinetic . | . . . . Secondary . | . . . . Self-Inflicted Damage 34 | . . . 34 Shots 1 | . . . 1 Rammed 2 | . . . 2 Targets Rammed 4 | . 1 . 3 Kicked 2 | . 1 . 1 Crushed . | . . . . Highest Temperature 247 | . 45 54 247 Average Temperature 62 | . 16 19 81 Received Heat Transfer 489 | . 6 9 474 Effects 2 | . . . 2 Interference 2 | . . . 2 Siege Activations . | . . . . Robots Corrupted . | . . . . Combat Hostiles . | . . . . Parts Fried 2 | . . . 2 Impact Corruptions . | . . . . Robots Melted 1 | . . . 1 Combat Hostiles 1 | . . . 1 Parts Melted 6 | . . 1 5 Heat Transferred 2109 | . 148 444 1517 Parts Sabotaged . | . . . . Parts Stolen . | . . . . Parts Stripped . | . . . . Power Chain Reactions . | . . . . Alert | -11 -10 -9 -9 ------- Run | Yrd Mat Mat Sto Peak Influence 340 | . 150 287 340 Initial 120 | . . 63 120 Average 138 | . 37 163 201 Maximum Alert Level 1 | . . 1 1 Low Security (%) 67 | 100 100 71 45 Level 1 32 | . . 28 54 Level 2 . | . . . . Level 3 . | . . . . Level 4 . | . . . . Level 5 . | . . . . High Security . | . . . . Max Security . | . . . . Squads Dispatched 5 | . 1 1 3 Investigation 1 | . . . 1 Extermination . | . . . . Reinforcement 4 | . 1 1 2 Assault . | . . . . Garrison . | . . . . Intercept . | . . . . Searches Triggered . | . . . . Construction Impeded 1 | . . . 1 Haulers Reinforced . | . . . . Active Scanning Responses . | . . . . Cargo Convoy Interrupts . | . . . . Stealth | -11 -10 -9 -9 --------- Run | Yrd Mat Mat Sto Distress Signals 3 | . . 2 1 Communications Jammed . | . . . . Distress Signals . | . . . . Times Spotted 44 | . 12 11 21 Peak Tracking Total 5 | . 3 4 5 Tactical Retreats 3 | . 1 . 2 Traps | -11 -10 -9 -9 ------- Run | Yrd Mat Mat Sto Traps Triggered 3 | . . . 3 Indirectly . | . . . . Trap Hack Attempts . | . . . . Triggered . | . . . . Disarmed . | . . . . Reprogrammed . | . . . . Reused . | . . . . Traps Extracted . | . . . . Installed . | . . . . Triggered . | . . . . Machines | -11 -10 -9 -9 ---------- Run | Yrd Mat Mat Sto Machines Disabled 1 | . . . 1 Max in Single Turn 1 | . . . 1 Machines Repaired . | . . . . Machines Dismantled . | . . . . Machines Sabotaged . | . . . . Overloaded Fab Kills . | . . . . Hacking | -11 -10 -9 -9 --------- Run | Yrd Mat Mat Sto Machines Accessed 6 | . 3 . 3 Terminals 6 | . 3 . 3 Fabricators . | . . . . Repair Stations . | . . . . Recycling Units . | . . . . Scanalyzers . | . . . . Garrison Access . | . . . . Total Hacks 12 | . 7 . 5 Successful 7 | . 3 . 4 Failed 5 | . 4 . 1 Catastrophic 1 | . . . 1 Database Lockouts . | . . . . Manual 12 | . 7 . 5 Terminals 12 | . 7 . 5 Fabricators . | . . . . Repair Stations . | . . . . Recycling Units . | . . . . Scanalyzers . | . . . . Garrison Access . | . . . . Terminal Hacks 1 | . . . 1 Recall Reinforcements 1 | . . . 1 Fabricator Hacks . | . . . . Repair Station Hacks . | . . . . Recycling Unit Hacks . | . . . . Scanalyzer . | . . . . Garrison Access Hacks . | . . . . Unauthorized Hacks 6 | . 3 . 3 Terminals 6 | . 3 . 3 Botnet 6 | . 3 . 3 Fabricators . | . . . . Repair Stations . | . . . . Recycling Units . | . . . . Scanalyzers . | . . . . Garrison Access . | . . . . Data Cores Recovered . | . . . . Used . | . . . . Hacking Detections 4 | . 2 . 2 Full Trace Events . | . . . . Feedback Events . | . . . . Feedback Blocked . | . . . . Robot Schematics Acquired . | . . . . Robots Built . | . . . . Authchips . | . . . . Time . | . . . . Total Robot Build Rating . | . . . . Part Schematics Acquired . | . . . . Parts Built . | . . . . Authchips . | . . . . Time . | . . . . Total Part Build Rating . | . . . . Parts Repaired . | . . . . Time . | . . . . Parts Recycled . | . . . . Recycled Matter . | . . . . Retrieved Matter . | . . . . Retrieved Components . | . . . . Parts Scanalyzed . | . . . . Part Schematics Acquired . | . . . . Parts Damaged . | . . . . Bothacking | -11 -10 -9 -9 ------------ Run | Yrd Mat Mat Sto Used RIF Installer . | . . . . Robots Hacked . | . . . . Non-combat . | . . . . Combat . | . . . . Robot Hacks Applied . | . . . . Relay Couplers Released . | . . . . Fabnet Peak Effective % . | . . . . Robots Rewired . | . . . . Allies Hacked . | . . . . Hacks Repelled . | . . . . Allies | -11 -10 -9 -9 -------- Run | Yrd Mat Mat Sto Total Allies . | . . . . Largest Group . | . . . . Highest-Rated Group . | . . . . Highest-Rated Ally . | . . . . Total Orders . | . . . . Ally Attacks . | . . . . Total Damage . | . . . . Kills . | . . . . Allies Corrupted . | . . . . Allies Melted . | . . . . Intel | -11 -10 -9 -9 ------- Run | Yrd Mat Mat Sto Robot Analysis Total . | . . . . Derelict Logs Recovered . | . . . . Drone Launches . | . . . . Drone Recoveries . | . . . . Exploration | -11 -10 -9 -9 ------------- Run | Yrd Mat Mat Sto Turns Passed 1948 | 64 613 244 1027 Spaces Moved 1060 | 44 467 145 404 Core 72 | 5 . . 67 Treads . | . . . . Legs 869 | 39 467 145 218 Wheels . | . . . . Hover . | . . . . Flight 119 | . . . 119 Fastest Speed 50 | 50 120 120 112 Average Speed 146 | 114 120 128 186 Slowest Speed 360 | 120 120 190 360 Overloaded Moves . | . . . . Propulsion Burnouts . | . . . . Robots Hopped . | . . . . Cave-ins Triggered . | . . . . Exploration Rate (%) 35 | 3 59 14 64 Regions Visited 3 Branch Regions 1 Pre-discovered Areas . | . . . . Known Exits Taken . | . . . . Unknown Exits Taken 3 | 1 1 1 . Scrap Searched . | . . . . Spaces Dug . | . . . . Terrain Destroyed 16 | . . . 16 Melee . | . . . . Projectile . | . . . . AOE 16 | . . . 16 Terrain Rammed . | . . . . Walls Destroyed . | . . . . Machines Disabled . | . . . . Actions | -11 -10 -9 -9 --------- Run | Yrd Mat Mat Sto Total 1327 | 54 507 184 582 Wait 107 | . 8 19 80 Move 1057 | 43 466 144 404 Hop . | . . . . Pick Up 19 | 4 9 3 3 Fast Attach 23 | 6 4 2 11 Attach 12 | . 1 . 11 Detach 5 | . 1 . 4 Swap 9 | 1 2 1 5 Drop 16 | . 8 5 3 Fire 73 | . 7 10 56 Melee 2 | . . . 2 Ram 2 | . . . 2 Kick 2 | . 1 . 1 Crush . | . . . . Escape Stasis . | . . . . Rewire . | . . . . Trap . | . . . . Miscellaneous . | . . . . Route ------- -11/Scrapyard -10/Materials -9/Materials -9/Storage History --------- Turn | Location | Event 4 | -11/Scrapyard | Discovered new exit (range 16) 65 | -11/Scrapyard | Entered Materials 318 | -10/Materials | Build established: Mutant 613 | -10/Materials | Discovered new exit (range 16) 678 | -10/Materials | Entered another Materials area 678 | -9/Materials | Evolved 2 slots: Propulsion x1, Utility x1 826 | -9/Materials | Discovered new exit (range 11) 922 | -9/Materials | Entered Storage 1006 | -9/Storage | Lost 3 parts (1n1u1w) 1225 | -9/Storage | Lost 4 parts (1p1n1u1w) 1347 | -9/Storage | Core integrity fell below 50% 1911 | -9/Storage | Core integrity fell below 20% 1949 | -9/Storage | Destroyed by Y-45 Defender with Heavy Assault Rifle Last Messages --------------- 01915_ Imp. EM Shotgun destroyed. 01916_ Slammed into Y-45 Defender. 01919_ Y-45 Defender misfires. 01919_ Flight Unit destroyed. 01920_ Y-45 Defender destroyed. 01926_ Acquired 32 matter. 01926_ K-01 Serf collects debris. 01927_ Critical hit (Burn: +37). 01927_ K-01 Serf cleans the Terminal. 01930_ Flight Unit destroyed. 01935_ K-01 Serf cleans the Terminal. 01937_ Y-45 Defender suffers critical hit (Burn). 01938_ Y-45 Defender heat damages core (-7). 01938_ Hvy. Assault Rifle melted. 01938_ Beam Rifle melted. 01939_ K-01 Serf cleans the Terminal. 01944_ R-06 Scavenger collects Lgt. Treads. 01946_ Y-45 Defender suffers critical hit (Burn). Map ----- +----------------------------------------------------+ | | | ######???????????????????????????????????????????? | | #???????????????????????????????????????????? | | #???????????????????????????????????????????? | | #???????????????????????????????????????????? | | #####???????????????????????????????????????? | | ##+### #???????????????????????????????????????? | | #???????????????????????????????????????? | | ###### #???????????????????????????????????????? | | #????#####???????????????????????????????????????? | | ###??????????????????????????????????????????????? | | #??????????????????????????????????????????????? | | #??????????????????????????????????????????????? | | #???????????????????####???????????????????????? | | #??????????????????? #???????????????????????? | | #??????????????????? ????????????????????????? | | #?+######?#????????? ????????????????????????? | | #?? ??+ "??????? #????????????????????????? | | #?? #? ??????#/###??????????????????????? | | #+## ####+###### ???????????????????????? | | ^ #?##??##?????????????????? | | #+#####+######???# ##T### #?????????????????? | | #???# # #?????????????????? | | #???# #k #?????????????????? | | """"" """"" ##### #kr""" #?????????????????? | | """"" """"" + %Y@ """ #?????????????????? | | """"" """"" #### #! """ #?????????????????? | | #??# # #?????????????????? | | ##############??# ########?????????????????? | | ################# #######????????????????????????? | | # #??????????????????????????????? | | # #??????##########??????????????? | | # #??????# #??????????????? | | ##########+###### #??????# #??????????????? | | ###### ## #??????# #??????????????? | | # ## #??????# """#??????????????? | | """ # ## #?###### """#??????????????? | | """ # """ """ ## ### # """#??????????????? | | """ # """ """ + # ] """#??????????????? | | # """ """ ###### T + """#??????????????? | | # #????# # #??????????????? | | # #????## ###"T"#####??????????????? | | ## #"Y"####?????# #############????????????? | | +########"""#????????# # #????????????? | | #??############## # #????????????? | | #??# # # #????????????? | | #??# ! # # !#????????????? | | #??#! # # #????????????? | | #??# + + #????????????? | | #??# ! # # #????????????? | +----------------------------------------------------+ Best States ------------- Heat Dissipation 50 Energy Generation 14 Energy Capacity 280 Matter Stores 300 Matter Capacity 300 Sight Range 16 Terrain Scan Density 10 Armor Coverage 300 Evasion (%) 55 Item Schematics ----------------- None Robot Schematics ------------------ None Fabricated ------------ Nothing Alien Tech Used ----------------- None Achievements -------------- GoHome() Use The Force Challenges ------------ None Game ------ Seed InsulationBiocellCutter Manual? 0 Play Time 00:19:37 Cumulative 15.0 hours Start 2024.04.20 @ 20:45:29 End 2024.04.20 @ 21:01:07 Sessions 1 Manual Loads 0 Difficulty Rogue Special Mode None Game No. 17 Rogue 17 Adventurer 0 Explorer 0 Win Type - Total 0 Types 0/0/0/0/0/0/0/0/0 Lore% 19 Gallery% 21 Achievement% 21 Wizard Run 0 Options --------- Layout 1 ASCII 0 Keyboard 0 Movement Numpad Keybinds 0 Fullscreen 1 Font 32/SmallcapsGlow Map View 50x35 Zoom Use 0% Tactical HUD 1 Map Filters NONE Filters NONE Steam 1 RUN: 654f6187-cb0c-4a86-b28f-e2f7668cb444